Map: Polka LE

Players

Massa

  • Race: Terran Terran
  • League: Platinum
  • Spawn Location: 11:00

qqq

  • Race: Zerg Zerg
  • Spawn Location: 11:00

Shadow - Winner!

  • Race: Protoss Protoss
  • Spawn Location: 5:00

Comander - Winner!

  • Race: Protoss Protoss
  • League: Diamond
  • Spawn Location: 5:00

VOD

Have the link to the VOD?

Description

Time

  • Played on: Nov. 17, 2020, 4:34 p.m.
  • Length: 23:52
Show
View Real Time Build Order
Export as new Build Order

Massa Terran 

Build Orders: 2 Factory, Mech 

Get SALT Encoding   

  12  0:00  SCV  
  13  0:12  SCV  
  14  0:25  SCV  
  14  0:26  Supply Depot  
  15  0:32  Refinery  
  15  0:48  SCV  
  15  0:49  Barracks  
  16  0:57  Refinery  
  16  1:00  SCV  
  17  1:12  SCV  
  18  1:24  SCV  
  19  1:36  Factory  
  19  1:43  Marine  
  19  1:46  Supply Depot  
  20  2:09  Orbital Command  
  20  2:11  Barracks Reactor  
  20  2:45  Factory  
  20  2:47  Hellion  
  22  3:09  Hellion  
  24  3:30  Hellion  
  26  3:43  Factory Tech Lab  
  26  3:49  Starport  
  26  3:51  Widow Mine  
  28  4:01  Orbital Command  
  31  4:55  Marine x2  
  26  5:18  Hellion  
  23  5:32  Barracks  
  23  5:35  Factory  
  19  5:55  Engineering Bay  
  19  6:07  Factory Tech Lab  
  19  6:28  Factory Tech Lab, Missile Turret  
  19  6:31  Refinery  
  19  6:32  Missile Turret  
  19  6:33  Refinery, Marine  
  19  6:34  Marine  
  21  6:44  SCV  
  22  6:51  Marine  
  22  6:53  Command Center  
  23  7:00  Supply Depot  
  23  7:21  Supply Depot  
  23  7:22  SCV, Marine x2, Supply Depot x2  
  26  7:28  Supply Depot  
  26  7:29  Supply Depot  
  26  7:30  Siege Tank  
  29  7:37  Cyclone  
  29  7:42  Marine  
  32  7:51  Marine  
  33  8:00  Marine  
  33  8:01  Medivac  
  36  8:07  Widow Mine  
  36  8:09  Marine  
  38  8:29  Widow Mine  
  38  8:31  Barracks Reactor, Barracks Tech Lab  
  40  8:36  Cyclone  
  43  8:42  Command Center  
  43  9:08  Marine  
  43  9:09  Marine  
  45  9:11  Marauder, Stimpack  
  47  9:26  Marine  
  47  9:27  Siege Tank  
  43  10:12  SCV  
  43  10:16  Marauder, Marine x2  
  45  10:24  SCV  
  45  10:25  Missile Turret  
  44  10:28  Missile Turret  
  44  10:30  Siege Tank  
  44  10:31  Missile Turret  
  44  10:34  Marine  
  48  10:36  SCV, Siege Tank  
  48  10:38  Marauder  
  54  10:43  Orbital Command  
  54  10:48  SCV, Missile Turret x2  
  55  11:00  SCV  
  56  11:10  Command Center  
  56  11:12  SCV  
  56  11:13  SCV  
  58  11:24  SCV, Cyclone  
  58  11:25  SCV  
  63  11:30  Marine x3  
  66  11:36  SCV  
  66  11:37  SCV  
  66  11:38  Barracks  
  68  11:43  Starport Reactor  
  68  11:48  SCV, Marine  
  68  11:49  SCV, Combat Shield  
  68  11:52  Marauder, Marine  
  74  11:58  Barracks  
  74  12:05  Marine  
  75  12:09  Factory  
  75  12:22  Marine  
  77  12:23  SCV x2, Marauder, Marine  
  77  12:25  Orbital Command  
  81  12:30  Armory  
  81  12:35  SCV x2  
  83  12:38  Siege Tank  
  88  12:44  Marauder  
  88  12:46  Barracks Reactor  
  88  12:47  SCV x2  
  88  12:50  Barracks Reactor  
  90  12:51  SCV  
  91  12:58  Missile Turret  
  91  12:59  SCV  
  91  13:00  SCV  
  91  13:04  Missile Turret  
  93  13:08  Concussive Shells  
  93  13:09  Supply Depot  
  93  13:13  Supply Depot  
  93  13:17  Supply Depot  
  93  13:18  Supply Depot  
  93  13:22  Supply Depot  
  93  13:23  Supply Depot  
  93  13:25  Supply Depot  
  93  13:29  Supply Depot  
  93  13:30  SCV x3  
  96  13:35  Marauder, Marine  
  96  13:36  Factory Reactor  
  96  13:38  Drilling Claws  
  99  13:43  SCV x3  
  99  13:44  Marine x3  
  99  13:45  Marine x2  
  107  13:53  Marine  
  107  13:55  SCV x3  
  111  13:57  Marauder  
  111  13:58  Command Center  
  111  14:02  Marine  
  114  14:07  SCV x3  
  117  14:16  Missile Turret  
  117  14:19  SCV x2, Missile Turret  
  117  14:23  Missile Turret  
  119  14:24  SCV  
  124  14:31  Widow Mine x2, SCV x2  
  124  14:34  Widow Mine  
  124  14:36  SCV  
  129  14:43  SCV x2  
  131  14:48  SCV  
  131  14:49  Refinery  
  131  14:50  Refinery  
  134  14:53  Widow Mine x2  
  134  14:55  Widow Mine, SCV x2  
  134  14:56  Smart Servos, Barracks  
  140  15:02  Barracks  
  140  15:07  Barracks  
  140  15:09  Marauder  
  140  15:10  Marine x6  
  150  15:14  Widow Mine x2  
  150  15:16  Widow Mine  
  154  15:22  Terran Vehicle Weapons Level 1  
  154  15:27  Terran Infantry Armor Level 1  
  154  15:28  Marine x3  
  157  15:30  Marauder  
  157  15:31  Engineering Bay  
  157  15:32  Siege Tank  
  157  15:33  Ghost Academy  
  164  15:35  Widow Mine  
  164  15:36  Widow Mine  
  164  15:38  Siege Tank  
  169  15:52  Barracks Reactor, Barracks Tech Lab, Marauder  
  167  16:05  Barracks Tech Lab, Thor  
  167  16:07  Marine  
  170  16:13  Marauder  
  170  16:19  Supply Depot  
  170  16:21  Supply Depot x2  
  170  16:22  Supply Depot  
  170  16:23  Supply Depot  
  170  16:24  Supply Depot x2  
  170  16:26  Marauder  
  172  16:41  Marine x4, Medivac x2  
  172  16:42  Thor  
  172  16:43  Marauder x2  
  172  16:44  Supply Depot  
  172  16:46  Supply Depot  
  190  16:47  Marauder, Supply Depot x3  
  190  16:48  Supply Depot  
  190  16:49  Supply Depot  
  192  16:54  Siege Tank  
  192  16:55  Widow Mine x2  
  199  17:03  Armory  
  199  17:04  Enhanced Shockwaves  
  199  17:28  Orbital Command  
  199  17:32  SCV  
  189  18:43  Thor  
  98  19:04  Thor  
  98  19:05  Marauder x3  
  98  19:07  Marine x4  
  98  19:08  Marine x2  
  98  19:09  Marine  
  117  19:12  Medivac x2  
  117  19:16  Widow Mine x2  
  125  19:22  Missile Turret  
  125  19:23  Missile Turret x2  
  125  19:26  Thor  
  125  19:27  Refinery, Marauder x3  
  125  19:28  Refinery  
  137  19:37  Widow Mine x2  
  141  19:42  Medivac x2  
  141  19:43  Missile Turret x2  
  141  19:44  Missile Turret  
  145  19:46  Thor  
  145  19:48  Marauder x3  
  145  19:52  Factory  
  157  19:55  Factory  
  157  19:57  Factory, Command Center  
  159  20:00  Widow Mine x2  
  159  20:03  Missile Turret  
  159  20:05  Missile Turret  
  161  20:09  Marauder x2, Thor  
  161  20:10  Marauder  
  170  20:22  Marine x8  
  170  20:31  Marauder x3  
  169  20:40  Marine x5  
  157  20:43  Marine  
  157  20:44  Marine x2  
  157  20:48  Factory Tech Lab x2  
  126  20:50  Factory Tech Lab  
  126  20:52  Marauder x2, Thor x2  
  126  20:53  Widow Mine  
  126  20:54  Widow Mine  
  118  20:57  Marine  
  118  20:58  Marine x3  
  118  20:59  Liberator  
  118  21:00  Liberator  
  108  21:10  Planetary Fortress  
  105  21:12  Marine  
  105  21:14  Marauder  
  105  21:15  Widow Mine x2, Missile Turret  
  110  21:25  Barracks  
  110  21:26  Factory  
  110  21:33  Thor x2  
  110  21:35  Marauder, Missile Turret, Thor x2  
  110  21:36  Marine x6  
  142  21:42  Liberator  
  145  21:53  Widow Mine, Marine  
  145  21:54  Widow Mine, Marine x3  
  151  21:56  Marauder, Missile Turret  
  155  22:14  Thor x2  
  167  22:18  Marauder  
  169  22:39  Marauder  
  157  23:00  Ghost  
  130  23:06  Thor x2  
  130  23:08  Widow Mine  
  130  23:09  Marine x4  
  130  23:10  Marine x3  
  114  23:27  Marine x3  
  114  23:29  Marauder  
Show
View Real Time Build Order
Export as new Build Order

qqq Zerg 

Build Orders: Hatch First 

Get SALT Encoding   

  12  0:02  Drone  
  13  0:08  Drone  
  14  0:22  Overlord  
  14  0:50  Drone  
  14  0:51  Hatchery  
  14  0:52  Drone  
  14  0:56  Extractor  
  14  0:58  Drone  
  15  1:07  Drone  
  16  1:23  Drone  
  16  1:24  Drone  
  18  1:34  Drone  
  19  1:45  Drone  
  19  1:46  Spawning Pool  
  19  2:03  Drone  
  20  2:32  Drone, Overlord  
  20  2:35  Lair  
  21  2:38  Metabolic Boost  
  21  2:40  Zergling x2  
  21  2:41  Hatchery  
  21  2:43  Zergling x2  
  22  2:56  Zergling x4  
  22  2:57  Zergling x4  
  26  3:01  Zergling x2  
  27  3:11  Drone  
  28  3:13  Zergling x2  
  30  3:20  Zergling x4  
  30  3:26  Pneumatized Carapace  
  31  3:27  Zergling x2  
  32  3:40  Zergling x6  
  35  3:49  Overlord  
  35  3:53  Queen  
  37  4:00  Zergling x2  
  38  4:17  Zergling x2  
  38  4:18  Zergling x12  
  43  4:43  Drone x4  
  43  4:44  Drone, Spire  
  44  5:14  Spore Crawler  
  43  5:15  Drone x3  
  43  5:16  Spore Crawler  
  43  5:20  Drone x3  
  45  5:33  Overlord x3  
  45  5:34  Drone x2  
  43  5:43  Drone  
  44  5:51  Drone  
  44  5:52  Drone x2, Extractor  
  44  5:53  Queen  
  44  5:55  Queen  
  44  5:56  Drone  
  47  6:08  Drone x2  
  47  6:09  Drone x2  
  48  6:18  Mutalisk  
  48  6:19  Mutalisk  
  50  6:26  Extractor  
  50  6:27  Extractor x2, Drone x2  
  50  6:28  Drone, Extractor  
  48  6:34  Mutalisk  
  50  6:40  Drone x2  
  50  6:44  Corruptor  
  50  6:46  Hatchery  
  53  6:52  Drone x2  
  55  7:02  Infestation Pit  
  55  7:06  Overlord  
  55  7:07  Overlord  
  55  7:08  Overlord x3  
  53  7:28  Drone x3  
  53  7:29  Drone x3, Mutalisk  
  61  7:31  Corruptor  
  63  7:43  Mutalisk  
  65  7:44  Zergling x4  
  65  7:45  Drone  
  65  7:46  Drone  
  67  7:59  Mutalisk x2  
  71  8:07  Zergling x8  
  71  8:08  Zergling x2  
  76  8:18  Zergling x6  
  76  8:19  Zergling x2  
  80  8:20  Overlord x3  
  80  8:39  Overlord x2  
  80  8:40  Overlord  
  80  8:41  Drone x4  
  82  8:47  Zerg Flyer Weapons Level 1  
  84  8:59  Mutalisk x3  
  90  9:10  Drone x5  
  90  9:11  Drone  
  96  9:19  Mutalisk x2  
  96  9:21  Hive  
  100  9:28  Corruptor x2  
  100  9:30  Drone  
  88  9:48  Mutalisk x2  
  88  9:49  Mutalisk x4  
  88  9:50  Zergling x6  
  103  10:01  Drone x3  
  106  10:07  Spore Crawler  
  106  10:09  Spine Crawler  
  104  10:24  Corruptor x3  
  104  10:25  Drone x4  
  104  10:26  Drone x3  
  116  10:50  Ultralisk Cavern, Evolution Chamber, Viper  
  116  10:51  Evolution Chamber, Viper  
  116  10:53  Drone x4  
  123  11:12  Drone  
  123  11:13  Drone  
  123  11:14  Overlord x2  
  123  11:15  Corruptor  
  123  11:17  Hatchery, Overlord x4  
  126  11:21  Zerg Flyer Armor Level 1  
  126  11:22  Drone  
  126  11:25  Zerg Melee Weapons Level 1  
  127  11:27  Hatchery  
  126  11:47  Drone x2  
  126  11:49  Ultralisk x3  
  126  11:51  Anabolic Synthesis  
  146  12:06  Drone x2  
  146  12:07  Corruptor  
  150  12:10  Ultralisk  
  150  12:13  Drone, Zergling x6  
  150  12:14  Zergling x8  
  164  12:16  Extractor  
  164  12:18  Extractor, Spine Crawler  
  161  12:25  Drone  
  162  12:31  Zerg Ground Armor Level 1  
  162  12:34  Hatchery  
  161  12:40  Drone x4, Queen  
  161  12:53  Viper  
  161  12:54  Viper  
  159  13:07  Drone x2  
  159  13:08  Drone x5  
  159  13:09  Corruptor  
  159  13:10  Corruptor  
  159  13:12  Zergling x10  
  175  13:13  Zergling x2  
  175  13:15  Zerg Flyer Weapons Level 2, Chitinous Plating  
  177  13:20  Drone x3  
  179  13:29  Hatchery  
  178  13:35  Spore Crawler  
  178  13:37  Drone x2, Spore Crawler  
  178  13:38  Spine Crawler  
  178  13:39  Spine Crawler  
  178  13:40  Queen  
  178  13:43  Spore Crawler x2  
  178  13:45  Drone x5  
  178  13:46  Drone, Spine Crawler  
  178  13:47  Spine Crawler x2, Ultralisk  
  178  13:48  Corruptor x2  
  183  14:19  Ultralisk  
  183  14:20  Overlord x5  
  185  14:30  Viper  
  185  14:31  Viper  
  184  14:32  Ultralisk  
  184  14:33  Overlord  
  193  14:40  Spine Crawler x2  
  193  14:41  Spine Crawler  
  193  14:42  Spine Crawler  
  193  14:43  Queen  
  193  14:44  Drone, Spine Crawler  
  193  14:45  Drone x3  
  194  14:46  Spine Crawler  
  194  14:47  Queen  
  195  15:05  Drone x2  
  195  15:06  Spine Crawler  
  196  15:11  Drone x3  
  168  15:36  Corruptor x3  
  168  15:37  Corruptor x8  
  168  15:38  Corruptor  
  155  15:51  Corruptor x4  
  155  15:52  Corruptor x4  
  165  16:01  Corruptor x2  
  165  16:03  Drone x4  
  165  16:04  Drone x4  
  172  16:07  Extractor  
  172  16:18  Zerg Flyer Weapons Level 3  
  172  16:21  Zergling x8  
  172  16:22  Zergling x12  
  182  16:26  Spine Crawler  
  182  16:27  Spine Crawler, Spore Crawler  
  182  16:28  Spine Crawler  
  178  16:34  Viper  
  178  16:35  Viper  
  178  16:39  Mutalisk  
  186  16:46  Spore Crawler  
  185  16:53  Drone  
  185  16:54  Drone  
  187  16:55  Zergling x10  
  187  16:56  Mutalisk x3  
  187  17:01  Hatchery  
  197  17:05  Drone  
  198  17:10  Zerg Melee Weapons Level 2  
  198  17:14  Zerg Ground Armor Level 2  
  198  17:20  Drone  
  199  17:35  Baneling Nest  
  197  18:12  Spine Crawler  
  195  18:13  Spore Crawler  
  195  18:15  Spine Crawler, Spore Crawler  
  195  18:16  Spore Crawler  
  195  18:18  Spine Crawler x2  
  195  18:19  Mutalisk x3  
  186  18:20  Mutalisk x4  
  190  18:43  Zergling x10  
  190  18:44  Zergling x10  
  141  19:10  Mutalisk x4  
  141  19:11  Mutalisk  
  141  19:14  Corruptor x4  
  141  19:15  Mutalisk x5  
  141  19:16  Mutalisk  
  171  19:23  Spine Crawler, Spore Crawler x3  
  167  19:24  Spore Crawler  
  134  20:03  Hatchery  
  134  20:06  Mutalisk x4  
  134  20:07  Mutalisk x3  
  130  20:29  Ultralisk  
  130  20:30  Zergling x8  
  140  20:38  Ultralisk  
  140  20:39  Zergling x2  
  140  20:40  Drone  
  140  20:41  Drone x2  
  144  20:58  Hatchery  
  142  21:09  Ultralisk  
  142  21:11  Zergling x14  
  151  21:12  Zergling x2  
  151  21:16  Extractor  
  151  21:18  Extractor  
  150  21:22  Drone x3  
  152  21:33  Hatchery  
  152  21:39  Corruptor x3  
  153  21:42  Zergling x6  
  153  21:44  Hatchery  
  91  22:05  Mutalisk  
  91  22:06  Mutalisk  
  91  22:07  Zergling x6  
  91  22:08  Zergling x8  
  83  22:09  Zergling x4  
  78  22:33  Drone  
  70  23:48  Extractor  
Show
View Real Time Build Order
Export as new Build Order

Shadow Protoss - Winner!

Build Orders:  

Get SALT Encoding   

  12  0:01  Probe  
  13  0:19  Probe  
  13  0:21  Pylon  
  14  0:31  Probe  
  15  0:40  Gateway  
  15  0:45  Probe  
  16  0:54  Pylon  
  16  0:57  Probe  
  16  0:59  Assimilator  
  17  1:09  Assimilator  
  17  1:10  Probe  
  18  1:20  Pylon  
  18  1:22  Probe  
  19  1:33  Pylon  
  19  1:39  Forge  
  19  1:48  Cybernetics Core  
  19  1:53  Probe (Chrono Boost)  
  20  2:05  Probe (Chrono Boost)  
  21  2:15  Photon Cannon  
  21  2:17  Photon Cannon  
  21  2:25  Photon Cannon  
  21  2:33  Pylon  
  21  2:44  Photon Cannon  
  21  2:51  Pylon  
  21  3:01  Probe  
  21  3:04  Warp Gate  
  22  3:10  Twilight Council  
  22  3:21  Photon Cannon  
  22  3:37  Pylon  
  22  3:55  Pylon  
  22  4:00  Photon Cannon  
  22  4:14  Photon Cannon  
  22  4:15  Photon Cannon  
  22  4:20  Photon Cannon  
  22  4:27  Photon Cannon  
  22  4:42  Gateway  
  22  4:54  Stalker  
  21  5:25  Probe  
  22  5:37  Probe  
  22  5:40  Stalker  
  22  5:41  Stalker  
  27  5:49  Probe  
  28  6:02  Probe  
  29  6:07  Stalker x2  
  32  6:14  Probe  
  33  6:32  Stalker  
  35  6:33  Stalker  
  35  6:37  Protoss Ground Weapons Level 1, Blink  
  37  6:44  Forge  
  37  6:46  Forge  
  37  7:06  Pylon  
  37  7:18  Photon Cannon  
  37  8:31  Nexus  
  37  8:36  Pylon  
  37  8:38  Pylon  
  37  8:45  Protoss Ground Armor Level 1  
  37  8:47  Protoss Shields Level 1, Nexus  
  37  8:49  Pylon  
  37  8:53  Pylon  
  37  9:03  Photon Cannon  
  37  9:12  Photon Cannon  
  37  9:27  Photon Cannon  
  37  9:45  Stalker  
  39  9:55  Photon Cannon  
  39  10:09  Shield Battery  
  39  10:10  Shield Battery  
  39  10:21  Photon Cannon  
  39  10:22  Photon Cannon  
  39  10:26  Photon Cannon  
  39  10:27  Probe  
  40  10:29  Photon Cannon  
  40  10:39  Zealot  
  42  10:45  Probe  
  42  10:47  Probe  
  44  10:55  Probe  
  46  10:57  Probe  
  46  10:59  Probe  
  47  11:07  Probe  
  47  11:09  Probe  
  49  11:12  Stalker  
  49  11:16  Stalker  
  53  11:27  Templar Archives  
  53  11:30  Probe  
  54  11:33  Probe  
  55  11:42  Probe  
  55  11:45  Probe  
  57  11:53  Pylon  
  57  11:56  Protoss Ground Weapons Level 2, Pylon  
  57  11:57  Protoss Ground Armor Level 2  
  57  12:01  Protoss Shields Level 2  
  57  12:03  Probe  
  57  12:05  Probe  
  59  12:08  Probe  
  59  12:15  Probe  
  61  12:20  Photon Cannon, Shield Battery  
  61  12:24  Shield Battery  
  61  12:26  High Templar  
  61  12:27  High Templar  
  65  12:32  Archon  
  65  12:40  Robotics Facility  
  65  12:46  Probe  
  65  12:48  Probe  
  65  12:50  Probe  
  68  12:54  Charge  
  68  12:58  Probe  
  69  13:00  Probe  
  69  13:02  Probe  
  71  13:06  High Templar x2  
  71  13:10  Probe  
  71  13:12  Probe  
  77  13:14  Probe  
  78  13:20  Gateway  
  78  13:22  Probe  
  78  13:24  Probe  
  78  13:25  Gateway  
  78  13:26  Probe  
  81  13:28  Observer, Pylon  
  82  13:34  Probe, Pylon  
  82  13:36  Probe, Pylon  
  82  13:38  Probe  
  85  13:43  Assimilator  
  85  13:45  Assimilator  
  85  13:46  Probe  
  85  13:48  Probe  
  87  13:49  Observer  
  87  13:50  Probe  
  87  13:53  High Templar  
  87  13:54  High Templar  
  93  13:57  Photon Cannon, Archon  
  93  13:58  Archon  
  93  13:59  Assimilator  
  93  14:02  Probe  
  94  14:03  Assimilator  
  94  14:11  Immortal  
  96  14:26  Zealot x4  
  104  14:34  Pylon  
  104  14:35  Pylon  
  104  14:51  Gateway x2  
  104  14:54  Gateway  
  104  14:56  Protoss Ground Weapons Level 3  
  104  14:57  Gateway, Protoss Ground Armor Level 3  
  104  14:58  Protoss Shields Level 3  
  104  15:00  Gateway  
  104  15:02  Gateway  
  104  15:03  Gateway, High Templar x2  
  104  15:04  High Templar  
  104  15:05  Zealot  
  112  15:16  Photon Cannon  
  112  15:17  Photon Cannon  
  112  15:18  Photon Cannon  
  112  15:20  Shield Battery  
  112  15:27  Archon  
  112  15:30  High Templar  
  114  15:38  Immortal  
  118  15:44  High Templar  
  118  15:45  High Templar x2  
  118  15:48  Archon  
  118  15:49  Archon  
  124  15:54  Zealot x4  
  128  16:17  Immortal  
  132  16:23  High Templar x4  
  140  16:26  Zealot x4  
  140  16:32  Archon x2  
  148  16:48  Pylon  
  148  16:49  Pylon  
  148  16:51  Pylon  
  148  16:53  Pylon  
  148  17:05  Nexus  
  148  17:09  Assimilator  
  148  17:12  Assimilator  
  148  17:15  Probe  
  149  17:27  Probe, High Templar x3  
  149  17:28  High Templar  
  158  17:30  Zealot x4  
  158  17:31  Zealot x3  
  158  17:34  Archon x2  
  172  17:39  Probe  
  173  17:51  Probe  
  174  18:03  Probe  
  157  18:38  Zealot x6  
  157  18:39  Zealot x3  
  157  18:40  Zealot  
  157  18:41  Zealot  
  135  19:06  High Templar x4  
  135  19:07  High Templar x3  
  135  19:08  Zealot x2  
  135  19:09  Zealot x2  
  155  19:15  Archon x2  
  155  19:16  Archon  
  155  19:19  Archon  
  155  19:35  Zealot x4  
  163  19:42  Zealot x3  
  163  19:43  Zealot x4  
  166  20:31  High Templar x6  
  166  20:32  High Templar  
  166  20:34  Zealot x2  
  166  20:35  Zealot  
  178  20:40  Archon x3  
  105  21:35  Zealot x3  
  105  21:36  Zealot x6  
  105  21:37  Zealot x2  
  127  21:45  Immortal  
  131  21:56  Nexus  
  131  21:58  High Templar  
  131  21:59  High Templar x3  
  139  22:01  Zealot x2  
  139  22:02  Zealot x3  
  149  22:10  Pylon  
  149  22:11  Pylon  
  149  22:13  Pylon  
  149  22:14  Archon  
  149  22:15  Archon, Pylon  
  149  22:17  Pylon  
  149  22:28  Immortal  
  153  22:32  Zealot x2  
  153  22:33  Zealot x5  
  153  22:34  Zealot x4  
  175  22:58  Zealot x4  
  153  22:59  Zealot x6  
  153  23:00  Nexus, Zealot  
  143  23:07  Immortal  
  127  23:24  High Templar x4  
  127  23:34  Archon  
  127  23:35  Archon  
  121  23:47  Zealot x2  
  121  23:48  Zealot x5  
Show
View Real Time Build Order
Export as new Build Order

Comander Protoss - Winner!

Build Orders: 1 Gate Expand 

Get SALT Encoding   

  12  0:02  Probe  
  14  0:14  Probe  
  14  0:22  Pylon  
  14  0:26  Probe (Chrono Boost)  
  15  0:42  Probe (Chrono Boost), Gateway  
  16  0:48  Probe (Chrono Boost)  
  17  0:54  Assimilator  
  17  0:56  Probe  
  18  1:11  Probe  
  19  1:27  Pylon  
  19  1:32  Nexus  
  19  1:35  Probe  
  20  2:11  Probe  
  20  2:14  Cybernetics Core  
  21  2:28  Nexus  
  21  2:30  Pylon  
  21  2:48  Forge  
  21  2:53  Probe (Chrono Boost)  
  23  2:58  Probe (Chrono Boost)  
  23  3:01  Pylon  
  23  3:03  Probe (Chrono Boost)  
  23  3:04  Assimilator  
  25  3:06  Probe (Chrono Boost)  
  25  3:07  Probe (Chrono Boost)  
  26  3:16  Shield Battery  
  26  3:17  Probe  
  26  3:19  Probe  
  28  3:29  Probe  
  28  3:31  Probe  
  28  3:33  Stargate  
  30  3:36  Photon Cannon  
  30  3:39  Probe, Shield Battery  
  31  3:41  Probe  
  32  3:55  Photon Cannon  
  32  3:56  Pylon  
  18  4:13  Stalker (Chrono Boost)  
  18  4:15  Void Ray (Chrono Boost)  
  14  4:49  Probe x3  
  13  5:16  Probe x2  
  15  5:26  Assimilator  
  15  5:31  Assimilator  
  15  5:39  Probe  
  15  5:40  Probe x2  
  18  5:56  Probe x3  
  21  6:10  Probe x3  
  24  6:22  Probe  
  24  6:24  Probe x2  
  27  6:33  Void Ray (Chrono Boost)  
  31  6:51  Probe x2  
  33  6:56  Probe  
  34  7:03  Probe  
  35  7:17  Phoenix (Chrono Boost)  
  37  7:29  Probe x2  
  39  7:30  Probe  
  39  7:33  Phoenix (Chrono Boost)  
  42  7:45  Fleet Beacon  
  42  7:46  Probe  
  43  8:00  Void Ray (Chrono Boost)  
  43  8:10  Probe x2  
  43  8:11  Probe  
  48  8:12  Assimilator  
  48  8:16  Assimilator  
  48  8:18  Probe  
  49  8:23  Probe x2  
  52  8:27  Probe  
  52  8:28  Void Ray (Chrono Boost)  
  53  8:35  Probe  
  58  8:42  Stargate  
  58  8:46  Probe x2, Photon Cannon  
  58  8:48  Probe  
  61  8:53  Flux Vanes  
  61  8:58  Probe x2  
  61  9:00  Probe  
  64  9:10  Probe  
  64  9:11  Probe  
  64  9:13  Probe  
  64  9:17  Void Ray (Chrono Boost)  
  67  9:23  Probe x2  
  73  9:25  Probe  
  70  9:35  Probe x2  
  70  9:37  Probe  
  73  9:47  Probe x2  
  73  9:49  Probe  
  76  9:59  Probe  
  77  10:25  Pylon  
  77  10:27  Pylon  
  77  10:29  Pylon  
  77  10:34  Pylon  
  77  10:36  Pylon  
  77  10:41  Anion Pulse-Crystals  
  77  10:43  Probe x3  
  77  10:45  Phoenix x2  
  84  10:54  Stargate  
  84  10:55  Probe x3, Stargate  
  87  11:07  Protoss Shields Level 1 (Chrono Boost)  
  87  11:08  Probe x2, Photon Cannon  
  87  11:10  Photon Cannon  
  87  11:11  Protoss Air Weapons Level 1 (Chrono Boost)  
  89  11:12  Cybernetics Core  
  89  11:15  Phoenix x2 (Chrono Boost)  
  93  11:32  Probe x3  
  95  11:37  Phoenix x2 (Chrono Boost)  
  99  11:49  Phoenix  
  99  11:50  Phoenix  
  103  11:55  Phoenix x2  
  107  12:07  Twilight Council  
  107  12:09  Protoss Air Armor Level 1 (Chrono Boost)  
  107  12:14  Phoenix  
  109  12:18  Void Ray  
  109  12:20  Phoenix  
  115  12:31  Pylon  
  115  12:39  Pylon  
  114  12:44  Robotics Facility  
  114  12:46  Carrier (Chrono Boost)  
  118  12:55  Protoss Shields Level 2  
  118  12:57  Void Ray x2 (Chrono Boost)  
  122  13:17  Tempest (Chrono Boost)  
  122  13:21  Protoss Air Weapons Level 2 (Chrono Boost)  
  127  13:28  Warp Prism (Chrono Boost)  
  129  13:34  Void Ray (Chrono Boost)  
  133  13:55  Pylon  
  133  14:00  Pylon  
  133  14:05  Photon Cannon  
  133  14:07  Void Ray  
  137  14:32  Nexus  
  137  14:35  Assimilator  
  137  14:39  Assimilator  
  137  14:41  Tempest  
  137  14:42  Void Ray, Pylon  
  137  14:44  Pylon  
  142  14:46  Pylon  
  142  14:48  Pylon  
  146  14:53  Protoss Air Armor Level 2 (Chrono Boost)  
  146  14:54  Void Ray x2  
  146  15:02  Shield Battery  
  146  15:03  Shield Battery  
  154  15:07  Shield Battery  
  154  15:10  Shield Battery  
  154  15:11  Shield Battery  
  154  15:14  Shield Battery  
  154  15:15  Photon Cannon  
  154  15:16  Photon Cannon  
  154  15:17  Photon Cannon  
  154  15:18  Void Ray  
  154  15:19  Photon Cannon, Void Ray  
  154  15:20  Photon Cannon  
  154  15:21  Photon Cannon  
  157  15:31  Void Ray  
  141  15:57  Void Ray x3 (Chrono Boost)  
  141  16:05  Void Ray (Chrono Boost)  
  151  16:17  Observer  
  156  16:23  Probe x3  
  159  16:31  Carrier, Unknown  
  159  16:38  Observer  
  166  16:41  Photon Cannon x2  
  166  16:42  Photon Cannon  
  166  16:44  Shield Battery  
  166  16:45  Pylon  
  166  16:46  Pylon  
  166  16:47  Shield Battery  
  166  16:48  Photon Cannon  
  166  16:50  Photon Cannon  
  166  16:51  Pylon  
  166  16:53  Photon Cannon, Pylon  
  166  16:55  Photon Cannon, Pylon  
  166  16:57  Shield Battery  
  166  16:58  Pylon  
  166  17:01  Shield Battery  
  166  17:16  Tempest x3  
  181  17:40  Protoss Air Weapons Level 3 (Chrono Boost)  
  181  17:47  Protoss Air Armor Level 3 (Chrono Boost)  
  181  17:49  Photon Cannon  
  181  17:50  Photon Cannon, Void Ray  
  181  17:51  Photon Cannon  
  181  17:53  Shield Battery  
  181  17:54  Shield Battery  
  185  18:19  Carrier  
  197  18:20  Photon Cannon, Carrier  
  197  18:21  Photon Cannon  
  197  18:22  Photon Cannon  
  197  18:23  Photon Cannon  
  197  18:24  Photon Cannon  
  197  18:26  Photon Cannon, Pylon  
  197  18:28  Pylon x2  
  197  18:31  Pylon  
  197  18:34  Nexus  
  197  18:36  Assimilator  
  197  18:41  Assimilator  
  197  18:45  Photon Cannon  
  197  18:48  Pylon  
  197  19:12  Photon Cannon  
  197  19:13  Photon Cannon  
  197  19:15  Photon Cannon  
  197  19:16  Photon Cannon  
  197  19:18  Photon Cannon  
  193  20:09  Shield Battery  
  193  20:11  Shield Battery  
  193  20:13  Shield Battery  
  193  20:16  Shield Battery  
  193  20:20  Shield Battery  
  193  20:21  Shield Battery  
  193  20:24  Pylon  
  193  20:25  Pylon  
  193  20:26  Observer, Pylon  
  194  20:34  Probe x2  
  194  20:35  Probe x2  
  198  20:48  Observer  
  199  21:09  Observer  
  193  21:25  Stargate  
  193  21:28  Stargate x2  
  193  21:31  Stargate  
  193  21:33  Stargate  
  193  21:34  Pylon  
  193  21:36  Pylon, Fleet Beacon  
  193  21:40  Pylon  
  163  22:10  Void Ray  
  163  22:11  Void Ray x3  
  179  22:23  Observer  
  179  22:36  Carrier (Chrono Boost)  
  191  22:45  Nexus  
  191  22:46  Void Ray x2 (Chrono Boost), Carrier (Chrono Boost), Pylon  
  191  22:48  Pylon  
  191  22:50  Pylon  
  191  22:54  Assimilator  
  191  22:57  Assimilator  
Tags
 
Add a new tag
Caveats
  • Supply blocks, unpowered buildings, or Contaminate may cause inaccurate times.
  • Supply counts are checked every 10 seconds.